 Dungeon Crawl Stone Soup version 0.21.1-1-g345015f (webtiles) character file.

20 Mgcat the Insei (level 2, -3/23 HPs)
             Began as a Gnoll Transmuter on Mar 21, 2018.
             Slain by a hound (5 damage)
             ... on level 1 of the Dungeon.
             The game lasted 00:01:55 (581 turns).

Mgcat the Insei (Gnoll Transmuter)                   Turns: 581, Time: 00:01:56

Health: -3/23      AC:  3    Str: 12    XL:     2   Next: 79%
Magic:  0/7        EV: 14    Int: 15    God:
Gold:   27         SH:  0    Dex: 15    Spells: 7/10 levels left

rFire    . . .     SeeInvis .     - Unarmed
rCold    . . .     Gourm    .   (no shield)
rNeg     . . .     Faith    .   b - +0 robe
rPois    .         Spirit   +   (no helmet)
rElec    .         Reflect  .   (no cloak)
rCorr    .         Harm     .   (no gloves)
MR       .....                  j - +0 pair of boots
Stlth    ++........             i - amulet of guardian spirit {Spirit}
HPRegen  0.07/turn              (no ring)
MPRegen  0.10/turn              (no ring)

@: no status effects
A: distributed training, fangs 1, strong nose
a: no special abilities


You were on level 1 of the Dungeon.
You were not hungry.

You visited 1 branch of the dungeon, and saw 2 of its levels.

You collected 27 gold pieces.

Inventory:

Missiles
 a - 25 arrows
Armour
 b - a +0 robe (worn)
 j - a +0 pair of boots (worn)
   (You found it on level 1 of the Dungeon)
Jewellery
 i - an amulet of guardian spirit (around neck) {Spirit}
   (You found it on level 1 of the Dungeon)
Scrolls
 h - a scroll of fog {unknown}
 l - a scroll of identify {unknown}
Potions
 e - a potion of heal wounds {unknown}
 g - a potion of haste {unknown}
 k - a potion of lignification {unknown}
Books
 c - a book of Changes
Comestibles
 d - 2 rations
 f - 3 chunks of flesh {@w0}


   Skills:
 + Level 2.5 Fighting
 + Level 0.5 Short Blades
 + Level 0.5 Long Blades
 + Level 0.5 Axes
 + Level 0.5 Maces & Flails
 + Level 0.5 Polearms
 + Level 0.5 Staves
 + Level 0.5 Slings
 + Level 0.5 Bows
 + Level 0.5 Crossbows
 + Level 0.5 Throwing
 + Level 0.5 Armour
 + Level 4.5 Dodging
 + Level 0.5 Stealth
 + Level 0.5 Shields
 + Level 6.5 Unarmed Combat
 + Level 4.9 Spellcasting
 + Level 0.3 Conjurations
 + Level 0.3 Hexes
 + Level 0.3 Charms
 + Level 0.3 Summonings
 + Level 0.3 Necromancy
 + Level 0.3 Translocations
 + Level 3.7 Transmutations
 + Level 0.3 Fire Magic
 + Level 0.3 Ice Magic
 + Level 0.3 Air Magic
 + Level 0.3 Earth Magic
 + Level 0.3 Poison Magic
 + Level 0.6 Invocations
 + Level 0.5 Evocations


You had 7 spell levels left.
You knew the following spells:

 Your Spells              Type           Power        Failure   Level  Hunger
a - Beastly Appendage     Tmut           ##....       3%          1    None
b - Sticks to Snakes      Tmut           ##......     5%          2    ##.....


Dungeon Overview and Level Annotations

Branches:
Dungeon (2/15)

Altars:


Innate Abilities, Weirdness & Mutations

Your experience applies equally to all skills.
You have very sharp teeth.
Your uncanny sense of smell can sniff out nearby items.


Message History

Found an escape hatch in the floor.
A frilled lizard comes into view.
Your horns disappear.
The frilled lizard misses you.
You miss the frilled lizard. The frilled lizard misses you.
You miss the frilled lizard. Your bite misses the frilled lizard.
The frilled lizard barely misses you.
You closely miss the frilled lizard. Your bite misses the frilled lizard.
The frilled lizard bites you.
You closely miss the frilled lizard. You barely miss the frilled lizard.
The frilled lizard bites you but does no damage.
You hit the frilled lizard.
The frilled lizard is heavily wounded.
The frilled lizard barely misses you.
You punch the frilled lizard!
You kill the frilled lizard!
No target in view!
No target in view!
You butcher the frilled lizard corpse.
f - 3 chunks of flesh {@w0} (gained 1) HP restored.
You now have 27 gold pieces (gained 4).
There is a stone staircase leading up here.
A goblin comes into view.
Casting: Beastly Appendage
Confirm with . or Enter, or press ? or * to list all spells.
You grow a pair of large bovine horns.
The goblin shouts!
You hear an angry hiss.
A hound comes into view.
A ball python comes into view.
The goblin hits you but does no damage.
The hound barks!
You punch the goblin!
You kill the goblin!
You hear a shout!
An adder comes into view.
The ball python bites you. The ball python grabs you.
The ball python constricts you.
The adder hisses angrily.
You punch the hound! Your bite misses the hound.
The hound is heavily wounded.
The hound bites you. The ball python barely misses you.
The ball python constricts you.
You hit the ball python.
The ball python is heavily wounded.
The hound bites you. The ball python barely misses you.
The ball python constricts you. The hound barely misses you.
You closely miss the ball python.
The ball python is heavily wounded.
The ball python completely misses you. The ball python constricts you.
The hound misses you.
An adder comes into view.
You closely miss the ball python.
The ball python is heavily wounded.
The adder hisses angrily.
The hound closely misses you. The ball python completely misses you.
The ball python constricts you.
You hit the ball python.
You kill the ball python!
Your transformation is almost over.
The hound misses you. The hound bites you.
A hobgoblin comes into view.
The hobgoblin shouts!
The hobgoblin moves out of view.
The hound closely misses you. The hound misses you. The hound bites you.
There is a stone staircase leading up here.
You closely miss the hound. Your bite misses the hound.
The hound is heavily wounded.
The hound bites you. The hound bites you.
* * * LOW HITPOINT WARNING * * *
The hound pauses to sniff the ground.
The hound bites you but does no damage.
You climb upwards.
There is a stone staircase leading down here.
Casting: Beastly Appendage
Confirm with . or Enter, or press ? or * to list all spells.
You create a snake!
You now have 25 arrows.
Your horns disappear.
The hound barely misses you. The hound barely misses you.
The hound bites you but does no damage.
Your ball python bites the hound but does no damage.
Your ball python grabs the hound.
Your ball python constricts the hound.
Casting: Sticks to Snakes
Confirm with . or Enter, or press ? or * to list all spells.
You don't have enough magic to cast that spell.
You hit the hound.
The hound is severely wounded.
The hound barely misses you.
Your ball python bites the hound.
Your ball python constricts the hound.
You hit the hound.
The hound is almost dead.
The hound bites you.
* * * LOW HITPOINT WARNING * * *
Your ball python barely misses the hound.
Your ball python constricts the hound.
The hound bites you.
You die...

####......###)#
............#.#
......#.....#.#
#.#...........#
....###.....###
#.#.###.....#
#....##.#.###
.....##.#.##############
#....##.........@hS.....
#.#############.########
#.# #.# #.# #.# #.# #.#
#.# #.# #.# #.#
#.#############.#
#............##.#####.#


You could see a hound and a friendly ball python.

Vanquished Creatures
  A ball python (D:2)
  2 giant cockroaches
  2 goblins
  3 hobgoblins
  2 bats (D:1)
  3 frilled lizards
  3 kobolds (D:1)
  2 rats
18 creatures vanquished.

Notes
Turn   | Place    | Note
-------+----------+-------------------------------------------
     0 | D:1      | Mgcat the Gnoll Transmuter began the quest for the Orb.
     0 | D:1      | Reached XP level 1. HP: 17/17 MP: 6/6
   207 | D:1      | Reached XP level 2. HP: 16/23 MP: 5/7
   218 | D:1      | Learned a level 2 spell: Sticks to Snakes
   576 | D:2      | HP: 5/23 [hound (3)]
   581 | D:1      | HP: 2/23 [hound (3)]
   581 | D:1      | Slain by a hound

Action                   || total
-------------------------++-------
Melee: Unarmed           ||    61
       Headbutt          ||     6
       Kick              ||     2
       Bite              ||     1
 Cast: Beastly Appendage ||     9
       Sticks to Snakes  ||     1
 Stab: Sleeping          ||     1
Armor: Robe              ||     9
Dodge: Dodged            ||    40

Vault maps used:
D:1:      evilmike_arrival_rings, minmay_misc_feat_room,
          hangedman_feature_mirror
D:2:      uniq_crazy_yiuf_cottage

Table legend:
 A = Turns spent in this place as a percentage of turns spent in the entire game.
 B = Non-inter-level travel turns spent in this place as a percentage of non-inter-level travel turns spent in the entire game.
 C = Inter-level travel turns spent in this place as a percentage of turns spent in this place.
 D = Turns resting spent in this place as a percentage of non-inter-level travel turns spent in this place.
 E = Turns spent auto-exploring this place as a percentage of non-inter-level travel turns spent in this place.
 F = Non-inter-level travel turns spent in this place divided by the number of levels of this place that you've seen.
                   A       B       C       D       E      F
               +-------+-------+-------+-------+-------+----------------------
         Total | 100.0 | 100.0 |   0.0 |   0.0 |  60.9 | 290.5
       Dungeon | 100.0 | 100.0 |   0.0 |   0.0 |  60.9 | 290.5
               +-------+-------+-------+-------+-------+----------------------

Table legend:
 A = Kills in this place as a percentage of kills in entire the game.
 B = Kills by you in this place as a percentage of kills by you in the entire game.
 C = Kills by friends in this place as a percentage of kills by friends in the entire game.
 D = Other kills in this place as a percentage of other kills in the entire game.
 E = Experience gained in this place as a percentage of experience gained in the entire game.
 F = Experience gained in this place divided by the number of levels of this place that you have seen.
                   A       B       C       D       E      F
               +-------+-------+-------+-------+-------+----------------------
         Total | 100.0 | 100.0 |   N/A |   N/A | 100.0 |  14.5
       Dungeon | 100.0 | 100.0 |   N/A |   N/A | 100.0 |  14.5
               +-------+-------+-------+-------+-------+----------------------
